 Dungeon Crawl Stone Soup version 0.27.1-2-g3b301248ec (webtiles) character file.

Game seed: 14395185068953631506

193 cdecastro the Insei (level 6, 0/42 HPs)
             Began as a Djinni Transmuter on Oct 4, 2021.
             Slain by an orc wizard (4 damage)
             ... on level 3 of the Dungeon.
             The game lasted 00:06:22 (5177 turns).

cdecastro the Insei (Djinni Transmuter)             Turns: 5177, Time: 00:06:23

Health: 0/42       AC:  2    Str: 10    XL:     6   Next: 2%
Gold:   120        EV: 12    Int: 15    God:
                   SH:  0    Dex: 14

rFire    + . .     SeeInvis .     - Unarmed
rCold    . . .     Faith    .   (no shield)
rNeg     . . .     Spirit   .   a - +0 robe
rPois    ∞         Reflect  .   (helmet currently unavailable)
rElec    .         Harm     .   (no cloak)
rCorr    .         Rampage  .   (no gloves)
Will     .....                  (boots unavailable)
Stlth    +.........             (no amulet)
HPRegen  0.14/turn              r - ring of ice
MPRegen  0.00/turn              (no ring)

@: confused, appendages (expiring), flying
A: horns 2, flying, sickness immunity, fire resistance 2, cold vulnerability 1,
float, innate caster, hp casting, extra vitality 1
a: End Transformation


You were on level 3 of the Dungeon.
You had temporarily grown beastly horns.
You visited 1 branch of the dungeon, and saw 4 of its levels.

You collected 120 gold pieces.

Inventory:

Missiles
 g - 3 silver javelins
 h - 35 stones (quivered)
 l - 15 arrows
 q - 9 sling bullets
Armour
 a - a +0 robe (worn)
 f - a +0 chain mail
 j - a +0 ring mail
 u - a +2 helmet (melded)
Jewellery
 r - a ring of ice (left hand)
Scrolls
 i - a scroll of blinking {unknown}
 k - a scroll of identify {unknown}
 o - 2 scrolls of fog {unknown}
 v - a scroll of enchant weapon {unknown}
Potions
 b - a potion of lignification {unknown}
 c - a potion of resistance {unknown}
 d - a potion of attraction {unknown}
 e - a potion of might {unknown}
 m - a potion of cancellation {unknown}
 n - a potion of heal wounds {unknown}
 p - a potion of magic {unknown}
 s - a potion of mutation {unknown}
 t - a potion of curing {unknown}


   Skills:
 - Level 1.0 Fighting
 - Level 2.1 Dodging
 + Level 6.2 Unarmed Combat
 - Level 1.5 Spellcasting


You couldn't memorise any spells.
You knew the following spells:

 Your Spells              Type           Power      Damage    Failure   Level
a - Beastly Appendage     Tmut           10%        N/A       12%         1
b - Wereblood             Tmut           5%         N/A       19%         2
c - Spider Form           Tmut/Pois      2%         N/A       36%         3
d - Ice Form              Ice/Tmut       8%         N/A       77%         4
e - Corona                Hex            5%         N/A       12%         1
f - Slow                  Hex            5%         N/A       19%         2
Your spell library was empty.

Dungeon Overview and Level Annotations

Branches:
Dungeon (4/15)
 Temple: D:4-7

Altars:
Cheibriados


Innate Abilities, Weirdness & Mutations

You have temporarily grown beastly horns.
You are flying.
You are immune to sickness and miasma.
You are immune to poison.
Your flesh is very heat resistant. (rF++)
You are vulnerable to cold. (rC-)
You float through the air rather than walking.
You learn spells naturally, not from books.
Your magical power is your life essence.
You have superior vitality. (+4 HP)


Message History

The orc wizard gestures wildly while chanting.
The orc wizard flickers and vanishes!
Deactivating autopickup; reactivate with Ctrl-A.
There is a stone staircase leading down here.
Casting: Beastly Appendage (safe; 12% risk of failure)
Confirm with . or Enter, or press ? or * to list all spells.
You grow a pair of large bovine horns.
Your +2 helmet melds into your body.
The orc barely misses you.
You punch the orc!
You kill the orc!
The orc hits you with a +2 vorpal hand axe.
Things that are here:
a +0 club; a +0 leather armour You hit the orc but do no damage.
The orc hits you with a +2 vorpal hand axe!
* * * LOW HITPOINT WARNING * * *
You hit the orc. You headbutt the orc.
The orc is severely wounded.
The orc hits you with a +2 vorpal hand axe.
* * * LOW HITPOINT WARNING * * *
x2 You hit the orc.
You kill the orc!
Your transformation is almost over.
You miss something. Something hits you.
* * * LOW HITPOINT WARNING * * *
You hit something. Your headbutt misses something.
Something hits you but does no damage.
You barely miss something. Your headbutt misses something.
Something hits you but does no damage.
You miss something. You headbutt something. Something hits you.
* * * LOW HITPOINT WARNING * * *
You hit something.
You hear some strange, mumbled words.
You are confused.
You closely miss something. Something hits you.
* * * LOW HITPOINT WARNING * * *
You bump into the rock wall.
Something hits you.
* * * LOW HITPOINT WARNING * * *
You bump into the rock wall.
Something hits you.
You die...

..............#.###....##.##....#
###..##.###..........#........_..
##.##># #.#.#.###....##.##.....
#.##.# #.#.#.###.#.###.####.##
#.##.# #.#.#...........######
#....# #.#.#..##...=........#
#.#### #.#.#............###.# #.#
#.#.##{##............# #.#
#.#.##@#...#.##..###.## #.#
#.#.##.#.#...##..# #... ####.#
#.#.##...........###.##
.....######.#.####..........##.##
###...........##....#............
# #.#######...........#.....##...
# #.# #.).........##...###### #
#.# #.#.#..#.#.####..# # #.#
#.#......#.#####.#


There were no monsters in sight!

Vanquished Creatures
  An orc priest (D:3)
  Jessica (D:2)
  An orc wizard (D:3)
  A gnoll (D:1)
  3 adders
  A worm (D:2)
  A dart slug (D:2)
  5 orcs
  4 endoplasms
  3 giant cockroaches
  5 goblins
  5 hobgoblins
  6 jackals
  6 kobolds
  A quokka (D:2)
  8 ball pythons
  2 bats (D:1)
  5 frilled lizards
  5 rats
64 creatures vanquished.

Notes
Turn   | Place    | Note
-------+----------+-------------------------------------------
     0 | D:1      | cdecastro the Djinni Transmuter began the quest for the
                  | Orb.
     0 | D:1      | Reached XP level 1. HP: 17/17 MP: 0/0
   624 | D:1      | Reached XP level 2. HP: 20/22 MP: 0/0
   922 | D:1      | Found a faded altar of an unknown god.
  1034 | D:1      | Reached skill level 4 in Unarmed Combat
  1034 | D:1      | Reached XP level 3. HP: 15/27 MP: 0/0
  1034 | D:1      | Learned a level 1 spell: Corona
  1841 | D:2      | Noticed Jessica
  1867 | D:2      | Killed Jessica
  1868 | D:2      | Reached XP level 4. HP: 8/32 MP: 0/0
  2611 | D:2      | Reached skill level 5 in Unarmed Combat
  3464 | D:2      | Reached XP level 5. HP: 35/37 MP: 0/0
  3464 | D:2      | Learned a level 2 spell: Slow
  3938 | D:3      | Found a snail-covered altar of Cheibriados.
  4539 | D:3      | Reached skill level 6 in Unarmed Combat
  4806 | D:3      | Reached XP level 6. HP: 42/42 MP: 0/0
  4947 | D:4      | Noticed a sky beast
  5177 | D:3      | Slain by an orc wizard

Illustrated notes

Levels and vault maps discovered:
D:1:      saegor_arrival_simple_d, layout_basic,
          hellmonk_ecumenical_altar_pennies_from_heaven
D:2:      layout_basic, uniq_jessica
D:3:      layout_loops_ring, overflow_temple_1_default, minivault_5
D:4:      layout_basic, serial_shops, nicolae_shop_crystal

Skill      XL: |  1  2  3  4  5 |
---------------+----------------+-----
Unarmed Combat | 4 5 6 |  6.2
Fighting       | |  1.0
Dodging        | |  2.1
Spellcasting   | |  1.5

Action                   |  1- 3 |  4- 6 || total
-------------------------+-------+-------++-------
Melee: Unarmed           |   108 |   167 ||   275
       Punch             |     2 |     3 ||     5
       Headbutt          |     1 |     5 ||     6
Throw: Stone             |     2 |       ||     2
 Cast: Beastly Appendage |     1 |     4 ||     5
 Stab: Sleeping          |     2 |     3 ||     5
Armor: Robe              |    16 |    25 ||    41
Dodge: Dodged            |    60 |    95 ||   155
